 Dungeon Crawl Stone Soup version 0.31.0-32-g396128a36d (webtiles) character file.

Game seed: 15110372072249508414

166986 EtherCrawl the Warrior (level 17, -12/165 HPs)
             Began as a Minotaur Berserker on Apr 7, 2024.
             Was the Champion of Trog.
             Mangled by a snapping turtle (19 damage)
             ... on level 4 of the Shoals.
             The game lasted 01:16:50 (26124 turns).

EtherCrawl the Warrior (Minotaur Berserker)        Turns: 26124, Time: 01:16:51

Health: -12/165    AC: 32    Str: 32    XL:     17   Next: 30%
Magic:  5/5        EV:  5    Int: 18    God:    Trog [******]
Gold:   2188       SH:  0    Dex: 14    Spells: 16/16 levels left

rFire   + . .        v - +9 broad axe (antimagic)
rCold   + . .        j - +0 kite shield
rNeg    . . .        N - +0 plate armour of the Salmon {-Cast Will++ Str+3}
rPois   +            X - +4 hat of the Jabberwock {Int+5 Slay+3}
rElec   .            A - +2 cloak {rF+}
rCorr   .            L - +2 pair of gloves {Dex+3}
SInv    +            t - +2 pair of boots
Will    +++..        r - amulet of reflection Stlth
                     V - ring of Likus {Fly rPois rC+ Int+9 Slay-4}
HPRegen 0.47/turn    P - ring of see invisible
MPRegen 0.09/turn

%: no spellcasting, reflection
@: lethally poisoned (-12 -> -72), on berserk cooldown, flying, held, slowed,
very slow
A: horns 2, retaliatory headbutt
a: Renounce Religion, Berserk, Trog's Hand, Brothers in Arms


You were on level 4 of the Shoals.
You worshipped Trog.
Trog was exalted by your worship.
You visited 5 branches of the dungeon, and saw 27 of its levels.
You visited 1 bazaar.
You also visited: Gauntlet and Volcano.

You collected 3886 gold pieces.
You spent 1698 gold pieces at shops.

Inventory:

Hand Weapons
 v - a +9 antimagic broad axe (weapon)
Missiles
 b - 21 javelins (quivered)
 G - 38 poisoned darts
 I - a silver javelin
 Q - 3 throwing nets
 R - 5 curare-tipped darts
 S - 46 boomerangs
Armour
 j - a +0 kite shield (worn)
 t - a +2 pair of boots (worn)
 A - a +2 cloak of fire resistance (worn)
 F - a +2 cloak of preservation
 L - a +2 pair of gloves of dexterity (worn)
 N - the +0 plate armour of the Salmon (worn) {-Cast Will++ Str+3}
   (You found it on level 2 of the Lair of Beasts)

   Str+3:     It affects your strength (+3).
   Will++:    It greatly increases your willpower.
   -Cast:     It prevents spellcasting.
 X - the +4 hat of the Jabberwock (worn) {Int+5 Slay+3}
   (You found it on level 4 of the Lair of Beasts)

   Int+5:     It affects your intelligence (+5).
   Slay+3:    It affects your accuracy & damage with ranged weapons and melee
   (+3).
Jewellery
 a - a ring of protection from fire
 f - a ring of willpower
 r - an amulet of reflection (around neck)
 B - a ring of protection from cold
 K - a ring of resist corrosion
 P - a ring of see invisible (right hand)
 U - a ring of protection from fire
 V - the ring of Likus (left hand) {Fly rPois rC+ Int+9 Slay-4}
   (You found it in a Gauntlet)

   [ring of protection from cold]

   Int+9:     It affects your intelligence (+9).
   Slay-4:    It affects your accuracy & damage with ranged weapons and melee
   (-4).
   rC+:       It protects you from cold.
   rPois:     It protects you from poison Fly: It grants you flight.
Wands
 k - a wand of paralysis (10)
 C - a wand of flame (37)
 O - a wand of roots (29)
 T - a wand of mindburst (9)
 W - a wand of light (13)
Scrolls
 c - 5 scrolls of summoning
 d - 2 scrolls of torment
 h - 7 scrolls of fog
 o - 5 scrolls of vulnerability
 p - 2 scrolls of silence
 y - 9 scrolls of blinking
 D - 10 scrolls of teleportation
 E - 5 scrolls of fear
 M - 2 scrolls of noise
 Y - 2 scrolls of immolation
Potions
 e - 9 potions of curing
 g - 3 potions of heal wounds
 i - 4 potions of haste
 l - a potion of enlightenment
 m - a potion of cancellation
 n - a potion of magic
 q - a potion of berserk rage
 s - a potion of invisibility
 u - 4 potions of mutation
 w - 2 potions of might {unknown}
 x - 3 potions of lignification {unknown}
 z - 4 potions of attraction {unknown}
 J - 3 potions of ambrosia {unknown}
 Z - 4 potions of resistance {unknown}


   Skills:
 + Level 18.3 Fighting
 - Level 18.0 Axes
 + Level 15.2 Throwing
 - Level 16.0 Armour
 - Level 2.1 Dodging
 - Level 16.0 Shields


You had 16 spell levels left.
You didn't know any spells.
Your spell library was empty.

Dungeon Overview and Level Annotations

Branches:
Dungeon (15/15)            Temple (1/1) D:6            Lair (5/5) D:11
 Shoals (4/4) Lair:3       Spider (0/4) Lair:3        Slime (0/5) Lair:5
    Orc (2/2) D:10            Elf (0/3) Orc:2        Vaults (0/5) D:13
 Depths (0/4) D:15        Volcano (visited)         Gauntlet (visited)

Altars:
Ashenzari
Cheibriados
Dithmenos
Elyvilon
Fedhas
Gozag
Hepliaklqana
Kikubaaqudgha
Makhleb
Nemelex Xobeh
Okawaru
Qazlal
Ru
Sif Muna
Trog
Uskayaw
Vehumet
Wu Jian
Xom
Yredelemnul
Zin
The Shining One
Jiyva
Lugonu

Shops:
D:10 =(=   D:14 [   Orc:1 *   Orc:2 [(*:   Shoals:2 =

Annotations:
Shoals:4 exclusion: oklob plant


Innate Abilities, Weirdness & Mutations

You have a pair of horns on your head.
You reflexively headbutt those who attack you in melee.


Message History

You feel very sick.
The merfolk throws a throwing net.
The throwing net hits you.
You become entangled in the net!
The water nymph touches you. The water nymph drowns you!
* * * LOW HITPOINT WARNING * * *
The sea snake barely misses you.
The snapping turtle bites you but does no damage.
The merfolk hits you but does no damage.
The harpy claws you.
* * * LOW HITPOINT WARNING * * *
The harpy claws you but does no damage.
Unknown command.
Unknown command.
You struggle against the net.
You feel sick. The harpy claws you but does no damage. The harpy claws you.
* * * LOW HITPOINT WARNING * * *
The merfolk hits you but does no damage.
The water nymph touches you. The water nymph drowns you!
* * * LOW HITPOINT WARNING * * *
The merfolk hits you but does no damage.
The sea snake bites you.
* * * LOW HITPOINT WARNING * * *
You are lethally poisoned!
The sea snake poisons you!
Unknown command.
Unknown command.
Unknown command.
You struggle against the net.
You feel your anger nearly subside.
You are no longer berserk.
You are exhausted.
You feel yourself slow down.
* * * LOW HITPOINT WARNING * * *
You feel extremely sick. The harpy claws you but does no damage.
The harpy claws you.
* * * LOW HITPOINT WARNING * * *
The harpy claws you but does no damage. The harpy claws you.
* * * LOW HITPOINT WARNING * * *
The merfolk barely misses you.
The snapping turtle bites you from afar!!
You die...

..~~~~........~
...~~..........
...............
...........~~~~
.....~~~..~~~~~
.....~~H.~~~~~~
.....~m†Sm~~≈≈~
.....t~@..~~≈≈~
.~~~.H.H#.~≈≈≈~
~~~~.mt.m ~≈≈≈≈
~#~~~....~ ≈≈≈≈
###~.~~~~≈ ~~~
~~##~~≈~~~ ~≈
~~ #~~~~~~≈ ≈
#~~ ~~~~~~~≈≈


You could see a sea snake, 2 snapping turtles, 3 merfolk, a water nymph and 3
harpies.

Vanquished Creatures
  Gastronok (Lair:1)
  Ilsuiw (Shoals:2)
  A quicksilver ooze (Gauntlet)
  An orc warlord (Orc:2)
  Nessos (Orc:2)
  Azrael (D:14)
  A minotaur (Gauntlet)
  7 merfolk impalers
  3 merfolk javelineers
  The ghost of flestrin the Mimic, a journeyman TrSh (D:10)
  2 fire dragons
  2 rakshasas (D:15)
  2 ogre magi (D:10)
  9 hydras
  Erolcha (Orc:1)
  3 boulder beetles
  A catoblepas (Lair:5)
  Erica (D:8)
  2 merfolk avatars
  An alligator (Lair:5)
  5 centaur warriors
  2 tengu warriors (D:12)
  9 two-headed ogres
  2 merfolk aquamancers
  7 death yaks
  Urug (Lair:4)
  An occultist (D:15)
  An orc high priest (Orc:2)
  8 skysharks
  A skeletal warrior (D:10)
  A deep troll (D:10)
  A swamp dragon (Lair:5)
  6 sea snakes
  5 orc knights
  A phantasmal warrior (D:13)
  21 harpies
  The ghost of Nogual the Skirmisher, a novice GrHu of Hepliaklqana (D:7)
  7 lindwurms
  A necromancer (D:15)
  5 ugly things
  4 deep elf pyromancers (D:15)
  An orange crystal statue (Shoals:2)
  9 fauns
  4 orc sorcerers
  10 cyclopes
  5 wolf spiders
  18 manticores
  2 centaur zombies (D:15)
  The ghost of nuka the Chopper, a novice GrFi of Uskayaw (D:6)
  A moth of wrath (D:10)
  6 merfolk sirens
  6 black mambas (Lair:5)
  2 kobold blastminers (Orc:1)
  6 meliai
  2 elephants (Lair:5)
  A water nymph (Shoals:2)
  A centaur skeleton (D:15)
  6 gargoyles
  16 cane toads
  2 kobold demonologists
  A smoke demon (Volcano)
  12 komodo dragons
  5 rime drakes
  3 efreet
  A tengu conjurer (D:15)
  3 polar bears
  44 merfolk
  2 trolls (shapeshifter)
  8 trolls
  6 wind drakes
  A hornet (D:8)
  20 blink frogs
  19 dream sheep
  7 snapping turtles
  A centaur simulacrum (D:13)
  3 jumping spiders
  Sigmund (D:4)
  A culicivora (shapeshifter) (D:13)
  4 shadows
  16 slime creatures
  2 vampires (D:10)
  6 water elementals
  9 wyverns
  A fire elemental (D:14)
  41 yaks
  2 wraiths
  Grum (D:8)
  3 wargs (Orc:2)
  7 vampire mosquitoes
  4 basilisks
  2 redbacks
  13 steam dragons
  Menkaure (D:4)
  3 acid dragons
  5 hell hounds
  13 water moccasins
  3 swamp drakes (Lair:5)
  An ice beast (D:6)
  2 sky beasts
  31 orc warriors
  6 black bears
  2 laughing skulls (D:15)
  7 ogres
  18 wolves
  14 centaurs
  A boggart (D:15)
  2 phantoms
  7 kobold brigands
  A bullfrog (shapeshifter) (D:13)
  A gnoll sergeant (D:12)
  2 scorpions
  18 bullfrogs
  9 wights
  13 killer bees
  3 howler monkeys
  An electric eel (Lair:4)
  3 lava snakes (Lair:4)
  2 bombardier beetles
  12 orc priests
  A jelly (D:6)
  2 hounds
  Terence (D:3)
  9 iguanas
  15 orc wizards
  4 hell rats (Lair:5)
  Robin (D:2)
  5 gnolls (D:12)
  9 adders
  A shadow imp (D:6)
  A white imp (D:7)
  An ufetubus (D:6)
  2 ribbon worms
  2 dart slugs
  49 orcs
  6 ball pythons
  2 bats (D:3)
  12 endoplasms
  5 giant cockroaches
  20 goblins
  11 hobgoblins
  7 jackals (D:2)
  25 kobolds
  5 quokkas (D:1)
  3 frilled lizards
  4 rats
864 creatures vanquished.

Vanquished Creatures (collateral kills)
  A merfolk impaler (Shoals:2)
  An alligator snapping turtle (Shoals:2)
  A tengu warrior (D:10)
  A tengu conjurer (D:10)
  A snapping turtle (Shoals:2)
5 creatures vanquished.

Vanquished Creatures (others)
  A merfolk impaler (Shoals:2)
  A merfolk (Shoals:4)
  A blink frog (shapeshifter) (D:10)
  An orc (D:15)
4 creatures vanquished.

Grand Total: 873 creatures vanquished

Notes
Turn   | Place    | Note
-------+----------+-------------------------------------------
     0 | D:1      | EtherCrawl the Minotaur Berserker began the quest for the
                  | Orb.
     0 | D:1      | Reached XP level 1. HP: 19/19 MP: 0/0
   309 | D:1      | Reached XP level 2. HP: 18/27 MP: 1/1
   677 | D:2      | Found a shadowy altar of Dithmenos.
   830 | D:2      | Reached skill level 1 in Throwing
   872 | D:2      | Reached XP level 3. HP: 33/33 MP: 2/2
   999 | D:2      | Noticed Robin
  1016 | D:2      | Killed Robin
  1016 | D:2      | Reached ** piety under Trog
  1130 | D:2      | Reached XP level 4. HP: 30/40 MP: 3/3
  1507 | D:3      | Reached skill level 5 in Axes
  1663 | D:3      | Found a burning altar of Makhleb.
  1723 | D:3      | Found an ancient bone altar of Kikubaaqudgha.
  1724 | D:3      | Found a shimmering blue altar of Sif Muna.
  1726 | D:3      | Found a radiant altar of Vehumet.
  1805 | D:3      | Found a faded altar of an unknown god.
  1850 | D:3      | Found an iron altar of Okawaru.
  1973 | D:3      | Noticed Terence
  1985 | D:3      | Killed Terence
  1986 | D:3      | Reached XP level 5. HP: 30/47 MP: 4/4
  2122 | D:3      | Found a white marble altar of Elyvilon.
  2124 | D:3      | Identified the +1 sling of Accord {heavy, Stlth+}
  2177 | D:3      | You fall into a shaft and drop 1 floor!
  2199 | D:4      | Reached *** piety under Trog
  2229 | D:4      | Noticed a centaur
  2243 | D:4      | Killed a centaur
  2601 | D:4      | Noticed Sigmund
  2626 | D:4      | Killed Sigmund
  2627 | D:4      | Reached skill level 5 in Fighting
  2627 | D:4      | Reached XP level 6. HP: 28/56 MP: 5/5
  2695 | D:4      | Noticed Menkaure
  2707 | D:4      | Killed Menkaure
  2708 | D:4      | Reached XP level 7. HP: 31/61 MP: 6/6
  2953 | D:4      | Reached skill level 5 in Armour
  3176 | D:5      | Entered Level 5 of the Dungeon
  3359 | D:5      | Found a hide-covered altar of Uskayaw.
  4004 | D:6      | Reached XP level 8. HP: 70/70 MP: 7/7
  4098 | D:6      | Found a runed translucent door.
  4099 | D:6      | Noticed nuka's ghost (novice GrFi)
  4296 | D:6      | Found a staircase to the Ecumenical Temple.
  4353 | Temple   | Entered the Ecumenical Temple
  4422 | D:6      | Found a runed translucent door.
  4552 | D:6      | Found a stormy altar of Qazlal.
  4837 | D:6      | Killed nuka's ghost
  4838 | D:6      | Reached skill level 5 in Throwing
  4838 | D:6      | Reached XP level 9. HP: 79/79 MP: 8/8
  4922 | D:7      | Noticed Nogual's ghost (novice GrHu)
  4967 | D:7      | Reached skill level 10 in Axes
  5125 | D:7      | Found a glowing silver altar of Zin.
  5145 | D:7      | Reached **** piety under Trog
  5270 | D:7      | Found a basalt altar of Yredelemnul.
  5630 | D:7      | Found a bloodstained altar of Trog.
  5657 | D:7      | Found a transporter.
  5659 | D:7      | Found a transporter.
  5778 | D:7      | Found a hazy altar of Hepliaklqana.
  6022 | D:8      | Reached XP level 10. HP: 90/90 MP: 9/9
  6143 | D:8      | Noticed Erica
  6156 | D:8      | Killed Erica
  6203 | D:8      | Found an ornate altar of the Wu Jian Council.
  6629 | D:8      | Noticed Grum
  6638 | D:8      | Killed Grum
  6942 | D:8      | Noticed a two-headed ogre
  6948 | D:8      | Killed a two-headed ogre
  6982 | D:8      | Reached ***** piety under Trog
  6987 | D:8      | Reached XP level 11. HP: 99/99 MP: 10/10
  7186 | D:9      | Reached skill level 10 in Fighting
  7679 | D:10     | Entered Level 10 of the Dungeon
  7679 | D:10     | Noticed a two-headed ogre
  7681 | D:10     | Found a bloodstained altar of Trog.
  7681 | D:10     | Noticed flestrin's ghost (journeyman TrSh)
  7750 | D:10     | Noticed a two-headed ogre
  7757 | D:10     | Noticed a tengu warrior
  7759 | D:10     | Killed a two-headed ogre
  7760 | D:10     | Reached skill level 10 in Armour
  7792 | D:10     | Killed a tengu warrior
  8090 | D:10     | Noticed a skeletal warrior
  8100 | D:10     | Killed a skeletal warrior
  8142 | D:10     | Noticed an ogre mage
  8155 | D:10     | Killed an ogre mage
  8202 | D:10     | Found Aclu's Weapon Shoppe.
  8202 | D:10     | Found Siara's Jewellery Shoppe.
  8204 | D:10     | Found Gesaf's Jewellery Shoppe.
  8218 | D:10     | Found a staircase to the Orcish Mines.
  8224 | D:10     | Found a snail-covered altar of Cheibriados.
  8267 | D:10     | Noticed a two-headed ogre
  8280 | D:10     | Killed a two-headed ogre
  8567 | D:10     | Noticed an ogre mage
  8578 | D:10     | Killed an ogre mage
  8579 | D:10     | Reached skill level 15 in Axes
  8579 | D:10     | Reached XP level 12. HP: 110/110 MP: 11/11
  8686 | D:10     | Identified the +1 ring mail of Brilliance {Rampage}
  8867 | D:10     | Found a transporter.
  8868 | D:10     | Noticed a two-headed ogre
  8886 | D:10     | Found a transporter.
  9433 | D:11     | Found a staircase to the Lair.
  9723 | D:11     | Noticed a two-headed ogre
  9733 | D:11     | Killed a two-headed ogre
  9773 | D:10     | Bought an amulet of regeneration for 420 gold pieces
  9874 | D:11     | Received a gift from Trog
 10214 | D:11     | Noticed a two-headed ogre
 10219 | D:11     | Killed a two-headed ogre
 10466 | Lair:1   | Entered Level 1 of the Lair of Beasts
 11020 | Lair:1   | Noticed Gastronok
 11032 | Lair:1   | Killed Gastronok
 11436 | Lair:2   | Reached skill level 10 in Throwing
 11446 | Lair:2   | Identified the +0 plate armour of the Salmon {-Cast Will++
                  | Str+3}
 11570 | Lair:2   | Noticed a death yak
 11570 | Lair:2   | Noticed a death yak
 11571 | Lair:2   | Noticed a death yak
 11572 | Lair:2   | Noticed a death yak
 11592 | Lair:2   | Killed a death yak
 11592 | Lair:2   | Killed a death yak
 11593 | Lair:2   | Reached XP level 13. HP: 70/119 MP: 12/12
 11614 | Lair:2   | Found a dark tunnel.
 11713 | Volcano  | Entered a volcano
 11878 | Volcano  | Noticed a fire dragon
 11893 | Volcano  | Killed a fire dragon
 12157 | Lair:2   | Received a gift from Trog
 12297 | Lair:2   | Reached skill level 1 in Shields
 12696 | Lair:3   | Found a staircase to the Shoals.
 12974 | Lair:3   | Found a hole to the Spider Nest.
 13826 | Lair:4   | Reached skill level 5 in Shields
 14136 | Lair:4   | Noticed Urug
 14150 | Lair:4   | Killed Urug
 14373 | Lair:4   | Found a runed translucent door.
 14600 | Lair:4   | Reached XP level 14. HP: 106/129 MP: 4/13
 14689 | Lair:4   | Found a runed translucent gate.
 14689 | Lair:4   | Identified the +4 hat of the Jabberwock {Int+5 Slay+3}
 14690 | Lair:4   | Found a runed translucent gate.
 14691 | Lair:4   | Found a runed translucent gate.
 14691 | Lair:4   | Found a runed translucent gate.
 14691 | Lair:4   | Found a runed translucent gate.
 14694 | Lair:4   | Found a runed translucent gate.
 14827 | Lair:5   | Entered Level 5 of the Lair of Beasts
 14897 | Lair:5   | Reached ****** piety under Trog
 15077 | Lair:5   | Found a gate leading to a gauntlet.
 15090 | Gauntlet | Entered a Gauntlet
 15090 | Gauntlet | Found a transporter.
 15098 | Gauntlet | Noticed a quicksilver ooze
 15099 | Gauntlet | Found a transporter.
 15099 | Gauntlet | Noticed a reaper
 15118 | Gauntlet | Found a transporter.
 15119 | Gauntlet | Found a transporter.
 15139 | Gauntlet | Found a transporter.
 15152 | Gauntlet | Found a transporter.
 15155 | Gauntlet | Found a transporter.
 15159 | Gauntlet | Found a transporter.
 15182 | Gauntlet | Found a transporter.
 15199 | Gauntlet | Found a transporter.
 15203 | Gauntlet | Found a transporter.
 15211 | Gauntlet | Found a transporter.
 15273 | Gauntlet | Killed a quicksilver ooze
 15273 | Gauntlet | Received a gift from Trog
 15284 | Gauntlet | Identified the ring "Goihiafu" {Fly rF- Int+2 SInv}
 15342 | Gauntlet | Identified the amulet "Kymoe" {RegenMP rPois Will- MP+9
                  | SInv}
 15418 | Gauntlet | Identified the ring of Likus {Fly rPois rC+ Int+9 Slay-4}
 15521 | Lair:5   | Found a staircase to the Slime Pits.
 15524 | Lair:5   | Found a viscous altar of Jiyva.
 15894 | Lair:5   | Reached skill level 10 in Shields
 16267 | Lair:5   | Reached XP level 15. HP: 139/139 MP: 4/14
 17083 | D:7      | Killed Nogual's ghost
 17283 | D:10     | Killed flestrin's ghost
 17501 | D:12     | Received a gift from Trog
 17786 | D:12     | Reached skill level 15 in Fighting
 18729 | D:13     | Reached skill level 15 in Armour
 18763 | D:13     | Found a gate to the Vaults.
 19006 | Orc:1    | Entered Level 1 of the Orcish Mines
 19136 | Orc:2    | Entered Level 2 of the Orcish Mines
 19241 | Orc:1    | Noticed Erolcha
 19250 | Orc:1    | Killed Erolcha
 19329 | Orc:1    | Found Wiptud's Assorted Antiques.
 19364 | Orc:1    | Bought a scroll of teleportation for 81 gold pieces
 19364 | Orc:1    | Bought a scroll of fog for 108 gold pieces
 19626 | Orc:2    | Found Hyuptug's Antique Weapon Emporium.
 19634 | Orc:2    | Received a gift from Trog
 19640 | Orc:2    | Found Fuol's Book Emporium.
 19702 | Orc:2    | Found a staircase to the Elven Halls.
 19869 | Orc:2    | Noticed Nessos
 19879 | Orc:2    | Killed Nessos
 20063 | Orc:2    | Found Utuy's Antique Armour Emporium.
 20078 | Orc:2    | Found Wahuicsa's General Store.
 20085 | Orc:2    | Bought a potion of mutation for 120 gold pieces
 20085 | Orc:2    | Bought a +2 pair of gloves of dexterity for 322 gold pieces
 20517 | D:14     | Noticed Azrael
 20533 | D:14     | Killed Azrael
 20944 | D:14     | Found Pepiamirch's Armour Shop.
 20997 | D:15     | Entered Level 15 of the Dungeon
 21211 | D:15     | Found a staircase to the Depths.
 21216 | D:15     | Reached XP level 16. HP: 151/151 MP: 5/15
 21334 | D:15     | Received a gift from Trog
 22170 | Shoals:1 | Entered Level 1 of the Shoals
 22653 | Shoals:1 | Reached skill level 15 in Shields
 22819 | Shoals:1 | Received a gift from Trog
 23036 | Shoals:2 | Found Idapsup's Jewellery Shoppe.
 23073 | Shoals:2 | Noticed Ilsuiw
 23197 | Shoals:2 | Killed Ilsuiw
 23208 | Shoals:2 | Bought a ring of resist corrosion for 340 gold pieces
 23553 | Shoals:2 | Found a stormy altar of Qazlal.
 23608 | Shoals:2 | Found a transporter.
 23676 | Shoals:2 | Found a transporter.
 24486 | Shoals:3 | Reached XP level 17. HP: 104/162 MP: 5/16
 24498 | Shoals:3 | Found a flickering gateway to a bazaar.
 24519 | Bazaar   | Entered a bazaar
 24683 | Bazaar   | Found Puufa's Assorted Antiques.
 24685 | Bazaar   | Found Saufogia's Armour Boutique.
 24688 | Bazaar   | Bought a scroll labelled TAHIOCHURYEX for 27 gold pieces
 24688 | Bazaar   | Bought a fuming grey potion for 24 gold pieces
 24713 | Bazaar   | Found Vefor's Antique Armour Emporium.
 24720 | Bazaar   | Found Hif Wuko's Weapon Emporium.
 24723 | Bazaar   | Found Boskisuff's Book Shoppe.
 24746 | Bazaar   | Bought a pair of distressingly furry boots for 256 gold
                  | pieces
 24746 | Bazaar   | Identified the +0 pair of boots of the Slug {Dex+3} (You
                  | bought it in a shop in a bazaar)
 24764 | Shoals:3 | Acquired 849 gold pieces
 24809 | Shoals:3 | Received a gift from Trog
 25503 | Shoals:3 | Reached skill level 15 in Throwing
 25830 | Shoals:4 | Entered Level 4 of the Shoals
 26124 | Shoals:4 | HP: 8/165 [harpy (4)]
 26124 | Shoals:4 | Mangled by a snapping turtle

Illustrated notes

Levels and vault maps discovered:
D:1:      evilmike_arrival_crescent, layout_basic
D:2:      layout_basic, basic_altar, uniq_robin
D:3:      layout_loops_cross, grunt_temple_overflow_magic_moments,
          bloody_makhleb, nicolae_elyvilon_temple_path,
          kennysheep_okawaru_gauntlet,
          shapermc_ecumenical_altar_mp_urbaneastern, uniq_terence
D:4:      layout_rooms, minivault_24, uniq_sigmund, uniq_menkaure
D:5:      layout_basic, kennysheep_mini_moat
D:6:      layout_loops_ring, nicolae_qazlal_beasts_of_the_sky,
          minmay_temple_entry_wispy, ebering_ghost_sewer_f,
          kennysheep_generic_room_7
D:7:      minmay_skewed_foursquare, layout_loops_ring,
          nicolae_overflow_quartered_altars, gammafunk_ghost_smash
D:8:      minmay_clustersquares, layout_rooms, nzn_wu_jian_contemplation,
          uniq_erica, uniq_grum
D:9:      layout_basic
D:10:     minmay_the_grid_net [minmay_the_grid_outer_diamond,
          minmay_the_grid_pillar_ring, minmay_the_grid_zigzag_pyramid,
          minmay_the_grid_spin_star, minmay_the_grid_aliased_spiral,
          minmay_the_grid_prize_shrinking_boxes], layout_basic,
          general_overflow_altar, orc_0_dummy,
          gammafunk_ghost_wrathful_warriors, nicolae_shop_distant_corner_stores
D:11:     layout_stronghold, lair_entry_dummy
D:12:     layout_loops_cross
D:13:     layout_small_grid, david_vaults_4
D:14:     layout_rooms, serial_shops, nicolae_shop_tiny_real_fake_doors,
          glass_columns_a, uniq_azrael
D:15:     grunt_enter_depths_magical_seal, layout_long_grid, nrook_uturn,
          minmay_fractal_squares_diagonal_5
Temple:   corrupted_temple
Lair:1:   layout_layer_cave, infiniplex_staircase_pool_2, serial_bayou_shore_b,
          uniq_gastronok
Lair:2:   layout_regular_city, nicolae_volcano_entry_vermiform
Lair:3:   layout_cave_shapes, minmay_shoals_entry_beasts, spider_nest_entry_a,
          serial_bayou_pond_a
Lair:4:   gammafunk_indiana_jones, layout_cave_pods, lemuel_fruit_tree,
          infiniplex_staircase_pool, serial_bayou_shore_b, uniq_urug
Lair:5:   guppyfry_lair_end_dragon, layout_regular_city,
          hangedman_lair_in_review, slime_entry_1, gauntlet_entry_generic,
          minmay_shattered_shrine
Shoals:1: layout_shoals, nicolae_shoals_wave_tunnel
Shoals:2: gammafunk_sealed_arena, layout_shoals, serial_shops, shop,
          lemuel_altar_in_water, uniq_ilsuiw
Shoals:3: layout_shoals, serial_shops, bzr_entry_dummy, abandoned_shop
Shoals:4: shoals_end_grunt_ice, layout_shoals, shoals_ilsuiw_ice,
          lemuel_oklob_altar, uniq_polyphemus, uniq_roxanne
Orc:1:    layout_caves, serial_shops, shop, basic_altar, uniq_erolcha
Orc:2:    grunt_orc_cross, layout_diamond_mine, uniq_nessos

Skill      XL: |  1  2  3  4  5  6  7  8  9 10 11 12 13 14 15 16 17 |
---------------+----------------------------------------------------+-----
Axes           | 4 5 6 8 9 11 13 15 16 18 | 18.0
Throwing       | 1 2 3 4 5 6 7 8 10 11 12 13 14 15 | 15.2
Fighting       | 4 5 6 7 8 9 11 12 13 14 15 17 18 | 18.3
Armour         | 3 4 5 6 8 9 10 12 13 14 15 16 | 16.0
Shields        | 5 10 13 16 | 16.0
Dodging        | |  2.1

Action                     |  1- 3 |  4- 6 |  7- 9 | 10-12 | 13-15 | 16-18 || total
---------------------------+-------+-------+-------+-------+-------+-------++-------
  Melee: Hand axe          |    79 |   114 |   102 |   189 |       |       ||   484
         Headbutt          |    10 |    23 |    47 |    96 |   195 |   124 ||   495
         Spear             |       |     4 |       |       |       |       ||     4
         Punch             |       |     1 |     2 |     2 |       |       ||     5
         War axe           |       |       |   128 |       |       |       ||   128
         Battleaxe         |       |       |       |   296 |    50 |       ||   346
         Broad axe         |       |       |       |       |   843 |   540 ||  1383
         Trident           |       |       |       |       |    11 |       ||    11
 Invoke: Berserk           |     1 |     1 |     2 |     4 |    10 |     7 ||    25
         Trog's Hand       |       |     2 |       |     3 |     3 |       ||     8
         Brothers in Arms  |       |       |       |     2 |       |     1 ||     3
    Use: Scroll            |       |     5 |     2 |     7 |    13 |     6 ||    33
         Potion            |       |       |       |     1 |     1 |     1 ||     3
   Stab: Petrified         |       |       |       |       |     4 |       ||     4
 Armour: Animal skin       |    35 |       |       |       |       |       ||    35
         Ring mail         |    22 |    53 |       |       |       |       ||    75
         Scale mail        |       |    13 |    44 |       |       |       ||    57
         Chain mail        |       |       |   141 |    21 |       |       ||   162
         Plate armour      |       |       |       |   432 |   848 |   547 ||  1827
         Steam dragon scal |       |       |       |       |    13 |       ||    13
  Dodge: Dodged            |    57 |    61 |   105 |   201 |   358 |   166 ||   948
  Block: Buckler           |       |       |       |       |   112 |       ||   112
         Kite shield       |       |       |       |       |   152 |   429 ||   581
         Reflection        |       |       |       |       |       |    23 ||    23
